 Dungeon Crawl Stone Soup version 0.17-a0-2147-gfb20a63 (webtiles) character file.

772 ketsa the Stinger (level 7, -21/55 HPs)
             Began as a Naga Venom Mage on Oct 24, 2015.
             Was an Initiate of Qazlal.
             Killed from afar by a sky beast (37 damage)
             ... with an exploding inner flame
             ... hexed by the player character
             ... on level 6 of the Dungeon.
             The game lasted 00:24:55 (6652 turns).

ketsa the Stinger (Naga Venom Mage)                 Turns: 6652, Time: 00:24:55

Health: -21/55     AC:  5    Str: 10    XL:     7   Next: 83%
Magic:  12/12      EV: 10    Int: 17    God:    Qazlal [......]
Gold:   183        SH:  0    Dex: 12    Spells: 4 memorised, 3 levels left

rFire  . . .     SeeInvis +     r - +3 hand axe (chop)
rCold  . . .     Clarity  .     k - +0 robe
rNeg   + . .     SustAt   .     (no shield)
rPois  +         Gourm    .     (no helmet)
rElec  .         Spirit   .     s - +1 cloak
rCorr  .         Warding  .     (no gloves)
rMut   .         Stasis   .     (no barding)
MR     .....                    (no amulet)
Stlth  ++........               (no ring)
                                u - ring of positive energy

@: confused, very slightly contaminated, invisible, very slow, not resistant to
hostile enchantments, unstealthy
A: see invisible, deformed body, poison resistance, slowness 2, slow metabolism
1, spit poison 2, AC +2
a: Spit Poison, Renounce Religion


You were on level 6 of the Dungeon.
You worshipped Qazlal.
Qazlal was noncommittal.
You were not hungry.

You visited 2 branches of the dungeon, and saw 7 of its levels.

You collected 183 gold pieces.

Inventory:

Hand Weapons
 m - a +0 mace
 r - a +3 hand axe of chopping (weapon)
 y - a +4 dagger
Missiles
 o - 146 stones (quivered)
Armour
 a - a +0 robe
 i - a +0 ring mail
 k - a +0 robe (worn)
 s - a +1 cloak (worn)
 w - a +0 leather armour
Jewellery
 u - a ring of positive energy (left hand)
 L - an uncursed ring of positive energy
 N - an uncursed ring of stealth {unknown}
Wands
 F - a wand of magic darts (26)
Scrolls
 l - a scroll of random uselessness {unknown}
 n - 2 scrolls of identify
 q - a scroll of enchant weapon
 v - 2 scrolls of amnesia
 A - a scroll of magic mapping {unknown}
 B - a scroll of fear {unknown}
 D - a scroll of enchant armour {unknown}
 I - a scroll of immolation
 K - a scroll of recharging {unknown}
 M - a scroll of teleportation {unknown}
Potions
 d - a potion of might
 t - a potion of heal wounds {unknown}
 x - a potion of invisibility
 z - a potion of degeneration {unknown}
 C - a potion of haste {unknown}
 G - a potion of poison {unknown}
 J - a potion of brilliance {unknown}
Books
 b - a Young Poisoner's Handbook

   Spells                             Type                      Level
   a - Sting                          Conjuration/Poison           1
   b - Cure Poison                    Poison                       2
   c - Mephitic Cloud                 Conjuration/Poison/Air       3
   d - Olgreb's Toxic Radiance        Poison                       4
   e - Venom Bolt                     Conjuration/Poison           5
 H - a book of Alchemy

   Spells                             Type                      Level
   a - Sublimation of Blood           Necromancy                   2
   b - Ignite Poison                  Fire/Transmutation/Poison    3
   c - Alistair's Intoxication        Transmutation/Poison         4
   d - Condensation Shield            Ice                          4
   e - Petrify                        Transmutation/Earth          4
   f - Irradiate                      Conjuration/Transmutation    5
Comestibles
 c - 4 bread rations
 f - 4 meat rations
 E - a beef jerky
 O - a chunk of flesh


   Skills:
 + Level 2.0 Axes
 - Level 1.5 Dodging
 + Level 6.4 Stealth
 + Level 3.8 Spellcasting
 + Level 4.0 Conjurations
 * Level 7.9 Poison Magic


You had 3 spell levels left.
You knew the following spells:

 Your Spells              Type           Power        Failure   Level  Hunger
a - Sting                 Conj/Pois      ###.         1%          1    None
b - Mephitic Cloud        Conj/Pois/Air  ###.....     12%         3    ###....
c - Cure Poison           Pois           ####......   1%          2    ##.....
d - Olgreb's Toxic Radia  Pois           ####....     10%         4    ####...


Dungeon Overview and Level Annotations

Branches:
Dungeon (6/15)             Temple (1/1) D:5

Altars:
Ashenzari
Dithmenos
Fedhas
Gozag
Kikubaaqudgha
Makhleb
Qazlal
Sif Muna
Trog
Vehumet
Xom
Yredelemnul
The Shining One


Innate Abilities, Weirdness & Mutations

You cannot wear boots.
Your serpentine skin is tough (AC +2).
You have supernaturally acute eyesight.
Armour fits poorly on your strangely shaped body.
Your system is resistant to poisons.
You cover ground very slowly.
You have a slow metabolism.
You can spit poison.


Message History

You are confused.
You feel invigorated.
The sky beast flickers out of sight for a moment.
The sky beast barely misses you.
Drink which item? (? for menu, Esc to quit)
It was a potion of invisibility.
You fade into invisibility!
The centaur wields a shortbow.
The centaur shoots a poisoned arrow.
The poisoned arrow hits the scorpion.
The scorpion is poisoned.
The sky beast closely misses you.
You are very lightly contaminated with residual magic.
Drink which item? (? for menu, Esc to quit)
It was a potion of magic.
Magic courses through your body.
The centaur shoots a poisoned arrow.
The poisoned arrow hits the scorpion!
The scorpion explodes!
The fiery explosion engulfs the sky beast.
The sky beast explodes!
The fiery explosion engulfs you!
Ouch! That really hurt!
You die...

#..# ##.###
#...########
##...........
##.###########
#######.########
##.......#......#
#...........###.####
#..>.........#@#....#
..........####§####.#
#.........#.^#§#^.#.#
#.........####c####.#
##....(...#S^#O#^h#.#
##.......####c####.##
##......#l^#z#^o#..#
...####o####..##..#
#...............#


You could see an ogre, 2 centaurs, a wight and an orc.

Vanquished Creatures
  2 ogres
  A scorpion (D:4)
  A vampire bat (D:2)
  2 hounds
  A centaur zombie (D:5)
  A jelly (D:5)
  An orc priest (D:4)
  An iguana (D:4)
  4 worker ants
  A hound zombie (D:6)
  A hound skeleton (D:4)
  10 adders
  An ooze (D:2)
  4 worms
  4 giant geckos
  6 orcs (D:4)
  9 bats
  2 bat skeletons (D:2)
  3 bat zombies (D:2)
  A giant cockroach (D:1)
  5 goblins
  17 hobgoblins
  6 kobolds
  6 quokkas
  7 giant newts
  13 jackals
  10 rats
120 creatures vanquished.

Notes
Turn   | Place    | Note
--------------------------------------------------------------
     0 | D:1      | ketsa the Naga Venom Mage began the quest for the Orb.
     0 | D:1      | Reached XP level 1. HP: 15/15 MP: 3/3
   393 | D:1      | Reached XP level 2. HP: 16/22 MP: 3/5
   759 | D:1      | Reached skill level 1 in Conjurations
  1156 | D:1      | Reached XP level 3. HP: 28/28 MP: 4/6
  1854 | D:2      | Reached XP level 4. HP: 33/36 MP: 5/7
  2554 | D:2      | Learned a level 3 spell: Mephitic Cloud
  2894 | D:2      | Reached skill level 6 in Poison Magic
  2938 | D:2      | Found an ancient bone altar of Kikubaaqudgha.
  2974 | D:2      | Reached XP level 5. HP: 33/42 MP: 9/9
  3113 | D:3      | Reached skill level 1 in Axes
  3585 | D:3      | Learned a level 2 spell: Cure Poison
  3590 | D:3      | Found a radiant altar of Vehumet.
  4096 | D:4      | Reached XP level 6. HP: 49/49 MP: 8/10
  4128 | D:4      | Reached skill level 5 in Stealth
  4211 | D:4      | Found an opulent altar of Gozag.
  4388 | D:4      | Learned a level 4 spell: Olgreb's Toxic Radiance
  5154 | D:4      | Reached skill level 7 in Poison Magic
  5254 | D:5      | Entered Level 5 of the Dungeon
  5263 | D:5      | Reached XP level 7. HP: 41/55 MP: 6/12
  6002 | D:5      | Found a staircase to the Ecumenical Temple.
  6015 | Temple   | Entered the Ecumenical Temple
  6096 | Temple   | Became a worshipper of Qazlal Stormbringer
  6181 | D:5      | Found an opulent altar of Gozag.
  6197 | D:5      | Found a shattered altar of Ashenzari.
  6197 | D:5      | Found a radiant altar of Vehumet.
  6208 | D:5      | Found a blossoming altar of Fedhas.
  6212 | D:5      | Found a shadowy altar of Dithmenos.
  6649 | D:6      | HP: 2/55 [sky beast (5)]
  6652 | D:6      | Killed from afar by a sky beast

Vault maps used:
D:1:      lemuel_arrival_behind_the_door_large, minmay_cut_off
D:2:      kennysheep_vampire_church
D:3:      first_bread, vehumet_altar_wand_db
D:4:      grunt_gozag_breadcrumbs
D:5:      lemuel_upstairs_altar, minmay_overflow_temple_star_hex
D:6:      gammafunk_temple_overflow_forgotten, grunt_tough_drop
Temple:   temple_island_7

Action                   |  1- 3 |  4- 6 |  7- 9 || total
-------------------------+-------+-------+-------++-------
Melee: Unarmed           |    37 |       |       ||    37
       Mace              |    13 |       |       ||    13
       Hand axe          |    20 |   104 |    51 ||   175
 Cast: Sting             |    39 |   115 |    37 ||   191
       Cure Poison       |       |       |     1 ||     1
  Use: Scroll            |     1 |     1 |     5 ||     7
       Potion            |       |     2 |     6 ||     8
 Stab: Sleeping          |     4 |     2 |     1 ||     7
  Eat: Chunk             |     2 |     8 |     3 ||    13
       Royal jelly       |       |       |     1 ||     1
